cohdb
Replays
Latest Replays
All Replays
Popular Replays
Top Player Replays
Match Explorer
How It Works
Community
CoH3 Stats
Reddit
Sign in to upload your games and track your stats! →
Sign in with Steam
Match 41666568
Unlisted
Match 41666568
Overview
Messages
Build Orders
End
Construct Infanterie Kompanie
Kettenkrad Recon Vehicle
Grenadier Squad
MG 42 Machine Gun Team
GrW 34 Mortar Team
Grenadier Squad
Grenadier Squad
Construct Luftwaffe Kompanie
Selects Mechanized Battlegroup
221 Scout Car
Selects Raid Package
Medical Station
Grenadier Squad
Selects Raid Package
Selects Raid Package
Selects Mobile Repair Stations
Flak 30 Anti-aircraft Gun Team
AI Takeover
Yetitamil
没有故事你随意
vincent
DungGukMan
Shylie-echo
kawasakik
G-DRAGON
Soldado Ryan
0
0
Comments
sign in to comment!
No comments posted yet!